 Dungeon Crawl Stone Soup version 0.22.1-1-ga44c0e5 (webtiles) character file.

464 rabbit the Magician (level 7, -17/50 HPs)
             Began as a Gnoll Wizard on Oct 16, 2018.
             Engulfed by a cloud of freezing vapour (22 damage)
             ... on level 5 of the Dungeon.
             The game lasted 00:14:14 (4703 turns).

rabbit the Magician (Gnoll Wizard)                  Turns: 4703, Time: 00:14:15

Health: -17/50     AC:  2    Str:  9    XL:     7   Next: 7%
Magic:  18/18      EV: 14    Int: 23    God:
Gold:   195        SH:  9    Dex: 13    Spells: 10/21 levels left

rFire    . . .     SeeInvis .   a - +0 dagger
rCold    . . .     Gourm    .   A - +0 buckler (curse)
rNeg     . . .     Faith    .   f - +0 robe
rPois    .         Spirit   .   z - +0 hat
rElec    .         Reflect  +   (no cloak)
rCorr    .         Harm     .   (no gloves)
MR       .....                  (no boots)
Stlth    +++.......             n - +5 amulet of reflection
HPRegen  0.16/turn              (no ring)
MPRegen  0.16/turn              (no ring)

@: no status effects
A: distributed training, fangs 1, strong nose
a: no special abilities


You were on level 5 of the Dungeon.
You were not hungry.

You visited 1 branch of the dungeon, and saw 5 of its levels.

You collected 195 gold pieces.

Inventory:

Hand Weapons
 a - a +0 dagger (weapon)
 b - a +0 hunting sling
 u - a +0 vampiric dagger
 B - a +0 hunting sling
Missiles
 c - 202 stones (quivered)
 g - 2 needles of paralysis
 j - 6 javelins
 l - 100 arrows
 q - 17 poisoned needles
Armour
 f - a +0 robe (worn)
 t - a +0 shield
 z - a +0 hat (worn)
 A - a cursed +0 buckler (worn)
Jewellery
 n - a +5 amulet of reflection (around neck)
Wands
 y - a wand of iceblast (5)
Scrolls
 e - 5 scrolls of amnesia {unknown}
 i - 2 scrolls of remove curse {unknown}
 k - 3 scrolls of noise {unknown}
 m - a scroll of enchant armour {unknown}
 r - 3 scrolls of identify
 s - a scroll of immolation {unknown}
 v - a scroll of magic mapping {unknown}
 w - a scroll of fog {unknown}
 C - a scroll of blinking {unknown}
Potions
 h - a potion of lignification {unknown}
 o - 3 potions of flight {unknown}
 p - a potion of resistance {unknown}
 x - 2 potions of agility {unknown}
Comestibles
 d - 6 rations


   Skills:
 + Level 2.2 Fighting
 + Level 2.2 Short Blades
 + Level 2.2 Long Blades
 + Level 2.2 Axes
 + Level 2.2 Maces & Flails
 + Level 2.2 Polearms
 + Level 2.2 Staves
 + Level 2.2 Slings
 + Level 2.2 Bows
 + Level 2.2 Crossbows
 + Level 2.2 Throwing
 + Level 2.2 Armour
 + Level 5.1 Dodging
 + Level 4.7 Stealth
 + Level 2.2 Shields
 + Level 2.2 Unarmed Combat
 + Level 7.5 Spellcasting
 + Level 2.8 Conjurations
 + Level 1.8 Hexes
 + Level 1.8 Charms
 + Level 2.8 Summonings
 + Level 1.8 Necromancy
 + Level 2.8 Translocations
 + Level 1.8 Transmutations
 + Level 1.8 Fire Magic
 + Level 1.8 Ice Magic
 + Level 1.8 Air Magic
 + Level 1.8 Earth Magic
 + Level 1.8 Poison Magic
 + Level 2.4 Invocations
 + Level 2.2 Evocations


You had 10 spell levels left.
You knew the following spells:

 Your Spells              Type           Power        Failure   Level  Hunger
a - Magic Dart            Conj           ###.         2%          1    None
b - Blink                 Tloc           N/A          4%          2    None
c - Call Imp              Summ           ###.....     4%          2    None
d - Conjure Flame         Conj/Fire      ###.....     11%         3    None
e - Mephitic Cloud        Conj/Pois/Air  ###.....     11%         3    None

Your spell library contained the following spells:

 Spells                   Type           Power        Failure   Level  Hunger
 Slow                     Hex            ###.....     6%          2    None


Dungeon Overview and Level Annotations

Branches:
Dungeon (5/15)             Temple (0/1) D:5

Altars:
Trog

Annotations:
D:4 1 runed door, emiel's ghost, amateur OpEE
D:5 exclusion: oklob sapling


Innate Abilities, Weirdness & Mutations

Your experience applies equally to all skills.
You have very sharp teeth.
Your uncanny sense of smell can sniff out nearby items.


Message History

Found a stone staircase leading down.
Marking area around the oklob sapling as unsafe for travelling.
An oklob sapling comes into view.
Found a staircase to the Ecumenical Temple.
Evoke which item? (* to show all) (? for menu, Esc to quit)
Okay, then.
Found 32 gold pieces.
Found 26 gold pieces.
Partly explored, can't reach some places.
Partly explored, can't reach some places.
Partly explored, can't reach some places.
You open the door.
Really walk into a travel-excluded area?
There is an open door here.
You are engulfed in freezing vapours.
You are engulfed in freezing vapours.
Ouch! That really hurt!
* * * LOW HITPOINT WARNING * * *
You are engulfed in freezing vapours.
You die... ##§#§## ##§#§## ∆ ##§#§## ##§#§## ##§#§## ##§#§## ##§#§## ##§#§## ##@#§## .P.>P ##§#$## PP.PP ###§#$## .PPP

#.'.#$## P..
#.#.#$## ..###
#.###### .....
#.#############..#
#...............>#
############.#####


There were no monsters in sight!

Vanquished Creatures
  An ogre (D:4)
  A bullfrog (D:4)
  An orc priest (D:4)
  2 hounds
  2 iguanas (D:4)
  An orc wizard (D:4)
  7 adders
  An ooze (D:3)
  2 dart slugs
  2 worms (D:2)
  A leopard gecko (D:4)
  13 orcs
  8 bats
  A giant cockroach (D:1)
  5 goblins
  8 hobgoblins
  A quokka (D:2)
  2 ball pythons
  A frilled lizard (D:3)
  4 kobolds
  9 rats
73 creatures vanquished.

Vanquished Creatures (others)
  An adder (D:5)
  An orc (D:5)
  A goblin (D:3)
  2 frilled lizards (D:5)
5 creatures vanquished.

Grand Total: 78 creatures vanquished

Notes
Turn   | Place    | Note
-------+----------+-------------------------------------------
     0 | D:1      | rabbit the Gnoll Wizard began the quest for the Orb.
     0 | D:1      | Reached XP level 1. HP: 13/13 MP: 8/8
   246 | D:1      | Reached XP level 2. HP: 19/19 MP: 2/10
   251 | D:1      | Learned a level 2 spell: Blink
   254 | D:1      | Learned a level 2 spell: Call Imp
  1197 | D:2      | Reached XP level 3. HP: 25/25 MP: 9/11
  1328 | D:2      | Reached skill level 1 in Invocations
  1670 | D:2      | Learned a level 3 spell: Conjure Flame
  1674 | D:2      | Learned a level 3 spell: Mephitic Cloud
  1777 | D:2      | Reached skill level 1 in Fighting
  1777 | D:2      | Reached skill level 1 in Short Blades
  1777 | D:2      | Reached skill level 1 in Long Blades
  1777 | D:2      | Reached skill level 1 in Axes
  1777 | D:2      | Reached skill level 1 in Maces & Flails
  1777 | D:2      | Reached skill level 1 in Polearms
  1777 | D:2      | Reached skill level 1 in Staves
  1777 | D:2      | Reached skill level 1 in Slings
  1777 | D:2      | Reached skill level 1 in Bows
  1777 | D:2      | Reached skill level 1 in Crossbows
  1777 | D:2      | Reached skill level 1 in Throwing
  1777 | D:2      | Reached skill level 1 in Armour
  1777 | D:2      | Reached skill level 1 in Shields
  1777 | D:2      | Reached skill level 1 in Unarmed Combat
  1777 | D:2      | Reached skill level 1 in Evocations
  1836 | D:2      | Reached XP level 4. HP: 28/32 MP: 5/13
  2492 | D:3      | Reached skill level 1 in Hexes
  2492 | D:3      | Reached skill level 1 in Charms
  2492 | D:3      | Reached skill level 1 in Necromancy
  2492 | D:3      | Reached skill level 1 in Transmutations
  2492 | D:3      | Reached skill level 1 in Fire Magic
  2492 | D:3      | Reached skill level 1 in Ice Magic
  2492 | D:3      | Reached skill level 1 in Air Magic
  2492 | D:3      | Reached skill level 1 in Earth Magic
  2492 | D:3      | Reached skill level 1 in Poison Magic
  3128 | D:4      | Reached XP level 5. HP: 16/37 MP: 6/14
  3366 | D:4      | Noticed an ogre
  3740 | D:4      | Reached XP level 6. HP: 18/44 MP: 5/16
  4063 | D:4      | Reached skill level 5 in Dodging
  4191 | D:4      | Found a runed door.
  4221 | D:4      | Noticed emiel's ghost (amateur OpEE)
  4289 | D:4      | Reached XP level 7. HP: 46/50 MP: 9/18
  4488 | D:5      | Entered Level 5 of the Dungeon
  4491 | D:5      | Found a bloodstained altar of Trog.
  4676 | D:5      | Found a staircase to the Ecumenical Temple.
  4703 | D:5      | Engulfed by a cloud of freezing vapour

Skill      XL: |  1  2  3  4  5  6 |
---------------+-------------------+-----
Conjurations   | 2 |  2.8
Summonings     | 2 |  2.8
Translocations | 2 |  2.8
Invocations    | 1 2 |  2.4
Fighting       | 1 2 |  2.2
Short Blades   | 1 2 |  2.2
Long Blades    | 1 2 |  2.2
Axes           | 1 2 |  2.2
Maces & Flails | 1 2 |  2.2
Polearms       | 1 2 |  2.2
Staves         | 1 2 |  2.2
Slings         | 1 2 |  2.2
Bows           | 1 2 |  2.2
Crossbows      | 1 2 |  2.2
Throwing       | 1 2 |  2.2
Armour         | 1 2 |  2.2
Shields        | 1 2 |  2.2
Unarmed Combat | 1 2 |  2.2
Evocations     | 1 2 |  2.2
Hexes          | 1 |  1.8
Charms         | 1 |  1.8
Necromancy     | 1 |  1.8
Transmutations | 1 |  1.8
Fire Magic     | 1 |  1.8
Ice Magic      | 1 |  1.8
Air Magic      | 1 |  1.8
Earth Magic    | 1 |  1.8
Poison Magic   | 1 |  1.8
Dodging        | 5 |  5.1
Stealth        | |  4.7
Spellcasting   | |  7.5

Action                   |  1- 3 |  4- 6 |  7- 9 || total
-------------------------+-------+-------+-------++-------
Melee: Dagger            |     1 |    31 |    16 ||    48
       Bite              |       |     4 |     3 ||     7
 Fire: Hunting sling     |       |    13 |       ||    13
 Cast: Magic Dart        |    89 |    87 |     2 ||   178
       Blink             |       |     7 |     1 ||     8
       Mephitic Cloud    |       |     9 |     6 ||    15
       Conjure Flame     |       |     1 |       ||     1
  Use: Scroll            |       |     2 |       ||     2
 Stab: Sleeping          |     1 |     2 |       ||     3
       Confused          |       |     3 |     3 ||     6
  Eat: Chunk             |     2 |     5 |     1 ||     8
       Ration            |       |     1 |       ||     1
Armor: Robe              |     2 |     6 |     1 ||     9
Dodge: Dodged            |    12 |    36 |     6 ||    54
Block: Other             |       |     6 |       ||     6
       Buckler           |       |    20 |     3 ||    23
       Reflection        |       |     1 |       ||     1
